 Dungeon Crawl Stone Soup version 0.28.0-43-g3370ac3207 (webtiles) character file.

Game seed: 5048976204812855648

21415 Peloso the Carver (level 12, -5/108 HPs)
             Began as a Minotaur Fighter on Mar 29, 2022.
             Was an Elder of Okawaru.
             Slain by an entropy weaver simulacrum (19 damage)
             ... in an ice cave.
             The game lasted 00:39:58 (16838 turns).

Peloso the Carver (Minotaur Fighter)               Turns: 16838, Time: 00:39:58

Health: -5/108     AC: 21    Str: 24    XL:     12   Next: 54%
Magic:  11/11      EV: 11    Int:  5    God:    Okawaru [****..]
Gold:   233        SH: 19    Dex: 24    Spells: 11/11 levels left

rFire   + . .      SeeInvis +   a - +2 long sword (freeze)
rCold   . . .      Faith    .   c - +0 kite shield
rNeg    . . .      Spirit   .   l - +5 chain mail of Daisies {rF+}
rPois   +          Reflect  +   (helmet restricted)
rElec   .          Harm     .   P - +0 cloak
rCorr   .          Rampage  .   v - +0 pair of gloves
Will    .....                   w - +0 pair of boots
Stlth   ..........              N - amulet of Daahumiom {Reflect rPois SH+5 SInv}
HPRegen 0.28/turn               n - +6 ring of dexterity
MPRegen 0.12/turn               u - +6 ring of dexterity

@: no status effects
A: horns 2, retaliatory headbutt
a: Renounce Religion, Heroism, Finesse


You were in an ice cave.
You worshipped Okawaru.
Okawaru was greatly pleased with you.
You visited 3 branches of the dungeon, and saw 15 of its levels.
You also visited: Ossuary and Ice Cave.

You collected 732 gold pieces.
You spent 499 gold pieces at shops.

Inventory:

Hand Weapons
 a - a +2 long sword of freezing (weapon)
 b - a +1 short sword of flaming
Missiles
 R - 4 throwing nets (quivered)
Armour
 c - a +0 kite shield (worn)
 l - the +5 chain mail of Daisies (worn) {rF+}
   (You took it off a hobgoblin on level 2 of the Dungeon)

   rF:        It protects you from fire.
 v - a +0 pair of gloves (worn)
 w - a +0 pair of boots (worn)
 P - a +0 cloak (worn)
Jewellery
 f - a +6 ring of intelligence
 n - a +6 ring of dexterity (left hand)
 u - a +6 ring of dexterity (right hand)
 C - a ring of fire
 L - a ring of magical power
 N - the amulet of Daahumiom (around neck) {Reflect rPois SH+5 SInv}
   (You bought it in a shop on level 1 of the Dungeon)

   [amulet of reflection]

   It reflects blocked missile attacks.
   rPois:     It protects you from poison.
   SInv:      It lets you see invisible.
   SH:        It affects your SH (+5).
 Q - a ring of fire
 S - an amulet of magic regeneration
Wands
 e - a wand of iceblast (3)
 D - a wand of acid (8)
 F - a wand of flame (8)
 G - a wand of digging (9)
 H - a wand of paralysis (14)
 O - a wand of mindburst (9)
Scrolls
 h - a scroll of brand weapon
 j - 5 scrolls of noise
 k - 10 scrolls of teleportation
 q - a scroll of amnesia {unknown}
 s - 2 scrolls of enchant weapon
 t - 3 scrolls of torment {unknown}
 y - 2 scrolls of fear {unknown}
 A - 2 scrolls of enchant armour {unknown}
 E - 4 scrolls of blinking {unknown}
 K - 3 scrolls of immolation {unknown}
 T - a scroll of silence {unknown}
Potions
 d - 3 potions of might
 g - 3 potions of mutation
 i - 3 potions of brilliance
 m - 4 potions of berserk rage
 o - 3 potions of cancellation
 p - a potion of heal wounds
 r - 5 potions of haste
 x - 7 potions of curing
 z - 2 potions of magic {unknown}
 B - 4 potions of degeneration {unknown}
 I - a potion of lignification {unknown}
 M - 2 potions of resistance {unknown}


   Skills:
 + Level 10.6 Fighting
 + Level 3.8(9.5) Short Blades
 + Level 14.5(14.7) Long Blades
 + Level 11.7 Armour
 + Level 5.4 Dodging
 + Level 1.5 Stealth
 + Level 12.6 Shields
 + Level 0.3 Invocations


You had 11 spell levels left.
You didn't know any spells.
Your spell library contained the following spells:

 Spells                   Type           Power      Damage    Failure   Level
 Freeze                   Ice            0%         1d3       99%         1
 Magic Dart               Conj           0%         1d3       99%         1
 Pain                     Necr           0%         1d4       99%         1
 Corpse Rot               Necr/Air       0%         N/A       100%        2
 Poisonous Vapours        Pois/Air       0%         N/A       100%        2
 Searing Ray              Conj           0%         2d4       100%        2
 Static Discharge         Conj/Air       0%         N/A       100%        2
 Conjure Flame            Conj/Fire      0%         6-21      100%        3
 Frozen Ramparts          Ice            0%         1d2       100%        3
 Gell's Gravitas          Tloc           0%         N/A       100%        3
 Ignite Poison            Fire/Tmut/Pois 0%         N/A       100%        3
 Portal Projectile        Hex/Tloc       0%         N/A       100%        3
 Teleport Other           Tloc           0%         N/A       100%        3
 Dispel Undead            Necr           0%         3d6       100%        4
 Fulminant Prism          Conj/Hex       0%         3d6       100%        4
 Hailstorm                Conj/Ice       0%         3d3       100%        4
 Leda's Liquefaction      Hex/Erth       0%         N/A       100%        4
 Sticky Flame             Conj/Fire      0%         2d3       100%        4
 Agony                    Necr           0%         N/A       100%        5
 Excruciating Wounds      Necr           0%         N/A       100%        5
 Fireball                 Conj/Fire      0%         3d3       100%        5
 Iskenderun's Battlesphe  Conj           0%         2d6       100%        5
 Conjure Ball Lightning   Conj/Air       0%         3x3d6     100%        6
 Dispersal                Tloc           0%         N/A       100%        6
 Orb of Destruction       Conj           0%         9d5       100%        7
 Call Canine Familiar     Summ           Unusable   N/A       N/A         3

Dungeon Overview and Level Annotations

Branches:
Dungeon (10/15)            Temple (1/1) D:7            Lair (6/6) D:9
    Orc (0/2) D:9         Ossuary (visited)           IceCv (1/1)
  Swamp: Lair:2-4    Shoals: Lair:2-4     Snake: Lair:2-4    Spider: Lair:2-4
  Slime: Lair:5-6

Altars:
Ashenzari
Cheibriados
Dithmenos
Elyvilon
Fedhas
Gozag
Hepliaklqana
Kikubaaqudgha
Makhleb
Nemelex Xobeh
Okawaru
Qazlal
Ru
Sif Muna
Trog
Uskayaw
Vehumet
Wu Jian
Xom
Yredelemnul
Zin
The Shining One
Beogh

Shops:
D:1 =

Annotations:
D:9 3 runed translucent doors, chujev's ghost, novice TrFi


Innate Abilities, Weirdness & Mutations

You have a pair of horns on your head.
You reflexively headbutt those who attack you in melee.


Message History

You block the entropy weaver simulacrum's attack.
The entropy weaver simulacrum hits you.
The entropy weaver simulacrum freezes you!!
You slice the entropy weaver simulacrum!!
The entropy weaver simulacrum vaporises!
Okawaru accepts your kill. The white imp gestures at you.
The puff of frost hits you.
Unknown command.
The white imp gestures at you.
The puff of frost reflects off an invisible shield around you!
The puff of frost hits the white imp.
The white imp resists.
The white imp gestures at you. The puff of frost hits you!
You feel like a meek peon again. The white imp gestures at you.
The puff of frost hits you but does no damage.
The white imp gestures at you.
The puff of frost hits you but does no damage.
The white imp gestures at you. The puff of frost hits you.
You slash the white imp!
The white imp is almost dead.
You hit the white imp.
You kill the white imp!
Okawaru accepts your kill.
You hit the entropy weaver simulacrum.
You headbutt the entropy weaver simulacrum!
The entropy weaver simulacrum is moderately damaged.
You slash the entropy weaver simulacrum!
You headbutt the entropy weaver simulacrum.
The entropy weaver simulacrum is severely damaged.
The entropy weaver simulacrum hits you.
The entropy weaver simulacrum freezes you!!
* * * LOW HITPOINT WARNING * * *
You block the entropy weaver simulacrum's attack.
The entropy weaver simulacrum hits you.
* * * LOW HITPOINT WARNING * * *
The entropy weaver simulacrum freezes you!!
You die...

##.....####.
#......# ##
##....## ###
#...## ##.##
##..## ###
#...## #..##
##.#
#....####..#
##...
#..#...#...#
#..#.
#.@##.....##
##..##
##Z###...##
#..##
#..######
##..# ##..##
#.5## #...##
##..#
##...##
#..##
##...####Z##
##...##..#
##..#..##


You could see an entropy weaver simulacrum.

Vanquished Creatures
  Harold (Lair:2)
  4 hydras
  A two-headed ogre (D:10)
  A cane toad (Lair:1)
  2 rime drakes (Lair:2)
  A kobold demonologist (D:8)
  3 komodo dragons
  2 ice devils (IceCv)
  2 entropy weaver simulacra (IceCv)
  2 trolls
  A hornet (D:10)
  2 blink frogs (Lair:2)
  3 shadows
  A vampire (D:9)
  A dire elephant simulacrum (IceCv)
  16 yaks
  2 humans (D:10)
  4 wyverns
  A basilisk (D:9)
  2 vampire mosquitoes (D:10)
  Menkaure (D:4)
  12 water moccasins
  A hell hound (Lair:6)
  3 sky beasts
  5 ogres
  9 orc warriors
  3 centaurs
  12 wolves
  A phantom (D:9)
  8 kobold brigands (D:8)
  4 bullfrogs
  5 gnoll sergeants
  10 scorpions
  2 water moccasin zombies
  2 two-headed ogre simulacra (IceCv)
  15 wights
  3 elephant simulacra (IceCv)
  2 howler monkeys
  6 centaur zombies
  4 jellies
  4 hounds
  A gnoll shaman (D:5)
  2 human zombies (Ossuary)
  7 orc priests
  2 centaur skeletons (D:7)
  3 iguanas
  7 orc wizards
  3 polar bear simulacra (IceCv)
  5 scorpion zombies (Ossuary)
  A killer bee zombie (D:9)
  3 wolf simulacra (IceCv)
  8 ogre zombies (D:9)
  3 mummies (Ossuary)
  A hound skeleton (D:4)
  A howler monkey zombie (D:10)
  31 gnolls
  3 adders
  A naga simulacrum (IceCv)
  2 shadow imps (D:8)
  5 white imps
  3 ufetubi
  An adder skeleton (D:4)
  5 dart slugs
  40 orcs
  3 ball pythons
  4 endoplasms
  A giant cockroach (D:3)
  8 goblins
  8 hobgoblins
  32 kobolds
  5 quokkas
  2 bats
  4 frilled lizards
  2 gnoll zombies (Ossuary)
  2 goblin skeletons (D:9)
  8 goblin zombies
  A hobgoblin skeleton (D:9)
  5 hobgoblin zombies
  14 kobold skeletons (D:8)
  7 kobold zombies
  3 orc skeletons (D:9)
  15 orc zombies
  9 rats
  A rat zombie (D:7)
436 creatures vanquished.

Vanquished Creatures (others)
  7 fungi
  33 plants
40 creatures vanquished.

Grand Total: 476 creatures vanquished

Notes
Turn   | Place    | Note
-------+----------+-------------------------------------------
     0 | D:1      | Peloso the Minotaur Fighter began the quest for the Orb.
     0 | D:1      | Reached XP level 1. HP: 19/19 MP: 0/0
    91 | D:1      | Reached XP level 2. HP: 25/27 MP: 1/1
   132 | D:1      | Found a faded altar of an unknown god.
   225 | D:1      | Found Qawn's Jewellery Emporium.
   819 | D:1      | Reached skill level 3 in Long Blades
   819 | D:1      | Reached XP level 3. HP: 31/33 MP: 2/2
  1429 | D:2      | Identified the +5 chain mail of Daisies {rF+}
  1688 | D:3      | Reached XP level 4. HP: 36/40 MP: 3/3
  1694 | D:3      | Identified the +1 ring mail of Lies {Regen+}
  1817 | D:3      | Found a blossoming altar of Fedhas.
  1874 | D:3      | Found an ancient bone altar of Kikubaaqudgha.
  1913 | D:3      | Found a white marble altar of Elyvilon.
  1980 | D:4      | Reached skill level 4 in Long Blades
  2131 | D:4      | Reached XP level 5. HP: 47/47 MP: 4/4
  2142 | D:4      | Noticed an ogre
  2366 | D:4      | Noticed a sky beast
  2474 | D:4      | Killed a sky beast
  2475 | D:4      | Reached skill level 5 in Long Blades
  2580 | D:4      | Killed an ogre
  2581 | D:4      | Reached skill level 5 in Fighting
  2581 | D:4      | Reached skill level 5 in Armour
  2581 | D:4      | Reached skill level 1 in Dodging
  2581 | D:4      | Reached XP level 6. HP: 56/56 MP: 5/5
  2787 | D:4      | Noticed Menkaure
  2794 | D:4      | Killed Menkaure
  2795 | D:4      | Reached skill level 6 in Long Blades
  3107 | D:5      | Entered Level 5 of the Dungeon
  3198 | D:5      | Reached XP level 7. HP: 54/61 MP: 6/6
  3356 | D:5      | Reached skill level 7 in Long Blades
  3433 | D:5      | Reached skill level 5 in Shields
  3596 | D:5      | Found a shimmering blue altar of Sif Muna.
  4184 | D:6      | Reached XP level 8. HP: 36/70 MP: 7/7
  4364 | D:6      | Found a burning altar of Makhleb.
  4440 | D:6      | Reached skill level 8 in Long Blades
  4708 | D:6      | HP: 4/99 [wight/+0 battleaxe (7)]
  4708 | D:6      | HP: 1/96 [wight/+0 battleaxe (3)]
  5165 | D:6      | Reached skill level 9 in Long Blades
  5494 | D:7      | Found a staircase to the Ecumenical Temple.
  5541 | D:7      | Found a sand-covered staircase.
  5550 | Ossuary  | Entered an ossuary
  5954 | Ossuary  | Reached skill level 10 in Long Blades
  6035 | Ossuary  | Reached XP level 9. HP: 79/79 MP: 8/8
  6673 | D:7      | Found a hazy altar of Hepliaklqana.
  6698 | D:7      | Reached skill level 11 in Long Blades
  6716 | D:7      | Found a runed translucent door.
  6754 | Temple   | Entered the Ecumenical Temple
  7642 | D:7      | Reached skill level 1 in Stealth
  8373 | D:8      | Found a basalt altar of Yredelemnul.
  8384 | D:8      | Noticed a troll
  8391 | D:8      | Killed a troll
  8443 | D:8      | Found a glowing silver altar of Zin.
  8484 | D:8      | Reached skill level 12 in Long Blades
  8484 | D:8      | Reached XP level 10. HP: 81/88 MP: 9/9
  9547 | D:9      | Reached skill level 13 in Long Blades
  9613 | D:9      | Found a staircase to the Lair.
 10102 | D:9      | Found a runed translucent gate.
 10112 | D:9      | Found a staircase to the Orcish Mines.
 10189 | D:9      | Noticed chujev's ghost (novice TrFi)
 10190 | D:9      | Noticed an ettin
 10191 | D:9      | Found a runed translucent gate.
 10192 | D:9      | Found a runed translucent gate.
 10197 | D:9      | Identified the +0 leather armour of Negligence {Str+5}
 10369 | D:9      | Reached XP level 11. HP: 50/97 MP: 10/10
 10789 | D:10     | Entered Level 10 of the Dungeon
 11060 | D:10     | Reached skill level 10 in Armour
 11182 | D:10     | Found a snail-covered altar of Cheibriados.
 11263 | D:10     | Noticed a two-headed ogre
 11285 | D:10     | Killed a two-headed ogre
 11439 | D:10     | Reached skill level 14 in Long Blades
 11561 | D:10     | Found an iron altar of Okawaru.
 11590 | D:10     | Became a worshipper of Warmaster Okawaru
 12066 | D:1      | Bought the amulet of Daahumiom {Reflect rPois SH+5 SInv}
                  | for 499 gold pieces
 12745 | D:8      | Found an ancient bone altar of Kikubaaqudgha.
 12791 | D:8      | Reached skill level 10 in Shields
 12970 | Lair:1   | Entered Level 1 of the Lair of Beasts
 13115 | Lair:1   | Reached * piety under Okawaru
 13189 | Lair:1   | Noticed an eight-headed hydra
 13200 | Lair:1   | Killed an eight-headed hydra
 13200 | Lair:1   | Reached ** piety under Okawaru
 13201 | Lair:1   | Reached skill level 10 in Fighting
 13339 | Lair:1   | Reached skill level 1 in Short Blades
 13833 | Lair:1   | Reached XP level 12. HP: 76/106 MP: 11/11
 14316 | Lair:2   | Reached *** piety under Okawaru
 14396 | Lair:2   | Noticed a six-headed hydra
 14408 | Lair:2   | Killed a six-headed hydra
 14409 | Lair:2   | Reached skill level 5 in Dodging
 14585 | Lair:2   | Noticed Harold
 14594 | Lair:2   | Killed Harold
 14648 | Lair:2   | Noticed a five-headed hydra
 14658 | Lair:2   | Killed a five-headed hydra
 14658 | Lair:2   | Reached **** piety under Okawaru
 15396 | Lair:2   | Noticed an eight-headed hydra
 15404 | Lair:2   | Killed an eight-headed hydra
 15832 | Lair:3   | You fall into a shaft and drop 3 floors!
 15832 | Lair:6   | Entered Level 6 of the Lair of Beasts
 15912 | Lair:6   | Noticed a death yak
 15912 | Lair:6   | Noticed a death yak
 15913 | Lair:6   | Found a frozen archway.
 15913 | Lair:6   | Noticed a death yak
 15914 | Lair:6   | Noticed a death yak
 15917 | Lair:6   | Noticed a death yak
 15918 | Lair:6   | Noticed a death yak
 15948 | IceCv    | Entered an ice cave
 16838 | IceCv    | Slain by an entropy weaver simulacrum

Illustrated notes

Levels and vault maps discovered:
D:1:      minmay_arrival_four_houses, layout_loops_ring,
          hellmonk_ecumenical_altar_defaced_shrine, serial_shops,
          nicolae_shop_behind_doors, nicolae_figureground_sparkle
D:2:      layout_rooms, kennysheep_generic_room_14
D:3:      layout_rooms, fedhas_altar_4, mainiacjoe_overflow_alcove_1,
          amcnicky_altar_gilded
D:4:      kennysheep_the_goblin_king, layout_basic, uniq_menkaure
D:5:      layout_loops_ring, mainiacjoe_overflow_24_doors
D:6:      layout_loops_corners, bloody_makhleb
D:7:      minmay_razor_zed, layout_rooms, worldfamousw_hep_ancestral_shrine,
          minmay_temple_entry_water_ring, enter_ossuary_4,
          lightli_church_of_beogh
D:8:      wander_kiku_kobolds, layout_loops_ring,
          mainiacjoe_overflow_six_doors_small, yredelemnul_altar_generic
D:9:      layout_cave_pools, minmay_lair_entry_grove, zombieorc2_lemuel,
          gammafunk_ghost_split, solitary_fountain, supply_closet_lemuel,
          nicolae_fountain_basement
D:10:     layout_roguey, kennysheep_mini_moat, okawaru_humans,
          hangedman_decor_clover_reticule, grunt_ministairs_10,
          chequers_serial_rivers_micro_b, st_stairs_3
Temple:   minmay_temple_forest_path
Lair:1:   layout_loops_ring, chequers_serial_rivers_micro_b,
          infiniplex_staircase_pool_2, lemuel_fruit_fields
Lair:2:   layout_layer_cave, chequers_serial_rivers_micro_a, uniq_harold
Lair:3:   layout_chaotic_city, elwin_shoals_entry_stream
Lair:6:   hangedman_lair_caniforms_friends, layout_small_grid,
          portal_ice_cave_entry_pillars_2, grunt_forest_large_clearings
IceCv:    ice_cave_small_necro

Skill      XL: |  1  2  3  4  5  6  7  8  9 10 11 12 |
---------------+-------------------------------------+-----
Armour         | 4 5 6 7 8 9 11 | 11.7
Shields        | 4 5 6 8 11 12 | 12.6
Long Blades    | 3 4 5 6 7 10 12 13 14 | 14.5
Fighting       | 4 5 7 9 10 | 10.6
Dodging        | 1 2 3 4 5 |  5.4
Stealth        | 1 |  1.5
Short Blades   | 2 3 |  3.8
Invocations    | |  0.3

Action                   |  1- 3 |  4- 6 |  7- 9 | 10-12 || total
-------------------------+-------+-------+-------+-------++-------
Melee: Long sword        |    93 |   104 |   360 |   717 ||  1274
       Headbutt          |    14 |    15 |    97 |   241 ||   367
       Short sword       |       |       |       |   169 ||   169
Invok: Heroism           |       |       |       |     6 ||     6
  Use: Potion            |     1 |       |     2 |     3 ||     6
       Scroll            |       |       |     6 |     8 ||    14
Armor: Scale mail        |    25 |       |       |       ||    25
       Chain mail        |    11 |    47 |   209 |   283 ||   550
Dodge: Dodged            |    47 |    33 |   156 |   258 ||   494
Block: Buckler           |    22 |    16 |   107 |       ||   145
       Kite shield       |       |       |     8 |   734 ||   742
       Reflection        |       |       |       |     5 ||     5
